 Dungeon Crawl Stone Soup version 0.20.1-1-g8b1a95d (webtiles) character file.

13958 letownia2 the Reanimator (level 11, -4/96 (97) HPs)
             Began as a Deep Dwarf Necromancer on Oct 27, 2017.
             Was an Initiate of Gozag.
             Killed from afar by an ice statue (27 damage)
             ... with a shard of ice
             ... in an ice cave.
             The game lasted 00:54:29 (12530 turns).

letownia2 the Reanimator (Deep Dwarf Necromancer)  Turns: 12530, Time: 00:54:29

HP:   -4/96 (97)    AC: 15    Str: 15    XL:     11   Next: 82%
MP:   17/33         EV: 10    Int: 26    God:    Gozag
Gold: 142           SH:  3    Dex:  8    Spells: 18/29 levels left

rFire    + . .     SeeInvis .   O - staff of cold
rCold    + . .     Gourm    .   (no shield)
rNeg     + + .     Faith    .   I - +5 scale mail of Fortification {MR+ Str-5 Int+3 Slay+3}
rPois    +         Spirit   .   D - +1 helmet "Nume" {-Tele +Inv rPois Int+6}
rElec    .         Reflect  +   U - +0 cloak of the Beggar {-Tele Str+6}
rCorr    .         Harm     .   (no gloves)
MR       ++...     NoTele   +   (no boots)
Stlth    ..........             H - amulet of Lomoom {Reflect rF+ rN++ Dex-5 SH+3}
Regen    0.0/turn               C - ring of poison resistance
MPRegen  0.3/turn               M - ring of magical power

@: non-regenerating
A: damage resistance, heal wounds, sense surroundings 2, no regeneration
a: Heal Wounds, Potion Petition, Call Merchant, Bribe Branch, Renounce Religion,
Evoke Invisibility


You were in an ice cave.
You worshipped Gozag.
Gozag was aware of your devotion.
You were very full.

You visited 2 branches of the dungeon, and saw 12 of its levels.
You also visited: Ice Cave.

You collected 3075 gold pieces.
You spent 499 gold pieces at shops.
You paid 2434 gold pieces to Gozag.

Inventory:

Hand Weapons
 a - a +3 scimitar of flaming
 b - a +1 spear of chaos
 d - a +0 shortbow
 z - a +0 hand axe
Missiles
 h - 52 poisoned needles
 N - 18 tomahawks (quivered)
 Y - 93 arrows
Armour
 o - a +2 cloak of invisibility
 D - the +1 helmet "Nume" (worn) {-Tele +Inv rPois Int+6}
   (You bought it in a shop on level 1 of the Orcish Mines)

   It affects your intelligence (+6).
   It protects you from poison.
   It lets you turn invisible.
   It prevents most forms of teleportation.
 I - the +5 scale mail of Fortification (worn) {MR+ Str-5 Int+3 Slay+3}
   (You bought it in a shop on level 1 of the Orcish Mines)

   It affects your strength (-5).
   It affects your intelligence (+3).
   It affects your accuracy and damage with ranged weapons and melee attacks
   (+3).
   It affects your resistance to hostile enchantments.
 U - the +0 cloak of the Beggar (worn) {-Tele Str+6}
   (You found it on level 7 of the Dungeon)

   It affects your strength (+6).
   It prevents most forms of teleportation.
Magical Staves
 O - an uncursed staff of cold (weapon)
Jewellery
 e - an uncursed ring of see invisible
 x - an uncursed ring of protection from magic
 C - a ring of poison resistance (left hand)
 E - the ring "Laox" {MR+ MP+9 Int-5 SInv Stlth+}
   (You found it on level 5 of the Dungeon)

   [ring of magical power]

   It affects your intelligence (-5).
   It affects your resistance to hostile enchantments.
   It affects your magic capacity (+9).
   It lets you see invisible.
   It makes you more stealthy.
 H - the amulet of Lomoom (around neck) {Reflect rF+ rN++ Dex-5 SH+3}
   (You found it on level 6 of the Dungeon)

   [amulet of reflection]

   It shields you and reflects attacks.
   It affects your dexterity (-5).
   It protects you from fire.
   It greatly protects you from negative energy.
   It affects your SH (+3).
 M - a ring of magical power (right hand)
 V - an uncursed ring of fire
Wands
 F - a wand of flame (27/48)
 G - a wand of enslavement (14/24)
 J - a wand of polymorph (9/24)
 S - a wand of lightning (5/15)
Scrolls
 f - 5 scrolls of remove curse
 j - 3 scrolls of recharging
 k - 2 scrolls of enchant weapon
 l - 6 scrolls of identify
 s - 2 scrolls of immolation
 t - a scroll of magic mapping
 w - a scroll of fog
 y - a scroll of blinking
 L - a scroll of enchant armour
 P - 3 scrolls of teleportation
Potions
 g - a potion of cancellation {unknown}
 m - 2 potions of flight {unknown}
 n - 2 potions of agility
 p - a potion of berserk rage {unknown}
 q - 2 potions of mutation {unknown}
 r - 6 potions of curing
 v - a potion of brilliance {unknown}
 A - a potion of heal wounds {unknown}
 Q - 2 potions of haste
 R - a potion of might {unknown}
 X - 2 potions of lignification {unknown}
 Z - 4 potions of magic {unknown}
Books
 u - a book of Necromancy

   Spells                             Type                      Level
   a - Pain                           Necromancy                   1
   b - Animate Skeleton               Necromancy                   1
   c - Vampiric Draining              Necromancy                   3
   d - Regeneration                   Charms/Necromancy            3
   e - Animate Dead                   Necromancy                   4
   f - Control Undead                 Necromancy                   4
 B - a book of Misfortune

   Spells                             Type                      Level
   a - Confusing Touch                Hexes                        1
   b - Confuse                        Hexes                        3
   c - Gell's Gravitas                Translocation                3
   d - Petrify                        Transmutation/Earth          4
   e - Metabolic Englaciation         Hexes/Ice                    5
   f - Yara's Violent Unravelling     Hexes/Transmutation          5
 K - a Young Poisoner's Handbook

   Spells                             Type                      Level
   a - Sting                          Conjuration/Poison           1
   b - Poisonous Vapours              Poison/Air                   2
   c - Mephitic Cloud                 Conjuration/Poison/Air       3
   d - Olgreb's Toxic Radiance        Poison                       4
   e - Venom Bolt                     Conjuration/Poison           5
 W - a book of Air

   Spells                             Type                      Level
   a - Shock                          Conjuration/Air              1
   b - Swiftness                      Charms/Air                   2
   c - Static Discharge               Conjuration/Air              3
   d - Airstrike                      Air                          4
   e - Lightning Bolt                 Conjuration/Air              5
Miscellaneous
 i - a phial of floods (inert)
Comestibles
 c - 3 bread rations


   Skills:
 + Level 6.1 Fighting
 - Level 4.4 Long Blades
 - Level 4.4 Axes
 + Level 4.3 Armour
 - Level 2.1 Dodging
 - Level 2.4 Stealth
 + Level 9.8 Spellcasting
 - Level 2.1 Conjurations
 - Level 2.0 Charms
 + Level 11.1 Necromancy
 - Level 3.3 Air Magic
 - Level 2.1 Poison Magic
 - Level 3.3 Evocations


You had 18 spell levels left.
You knew the following spells:

 Your Spells              Type           Power        Failure   Level  Hunger
a - Pain                  Necr           ####         1%          1    None
e - Mephitic Cloud        Conj/Pois/Air  ####....     19%         3    None
q - Poisonous Vapours     Pois/Air       ####..       9%          2    None
s - Swiftness             Chrm/Air       ####....     9%          2    None
v - Vampiric Draining     Necr           ######....   1%          3    None


Dungeon Overview and Level Annotations

Branches:
Dungeon (10/15)            Temple (0/1) D:5             Orc (2/2) D:9
   Lair: D:8-11         Elf: Orc:2

Altars:
Ashenzari
Cheibriados
Fedhas
Gozag
Hepliaklqana
Nemelex Xobeh
Qazlal
Sif Muna
Vehumet
Xom
Yredelemnul
The Shining One

Shops:
D:4 *   D:5 :}}   D:8 [*   D:10 [   Orc:1 [

Annotations:
D:10 manon's ghost, novice MiFi
Orc:2 HammerPanzer's ghost, journeyman DsBe IceCv exclusion: 3 ice statues


Innate Abilities, Weirdness & Mutations

You are resistant to damage.
You can heal yourself by infusing magical energy.
You passively map the area around you.
You do not regenerate.


Message History

Aiming: Throw Flame
Press: ? - help, Shift-Dir - straight line, f - ice statue, p - ice beast
Aim: an ice statue (lightly damaged)
The puff of flame hits the ice statue.
The ice statue melts!
The ice statue is lightly damaged.
This wand has 28 charges left.
The ice beast hits you but does no damage.
The ice statue gestures.
Unknown command.
Evoke which item? (* to show all) (? for menu, Esc to quit)
Aiming: Throw Flame
Press: ? - help, Shift-Dir - straight line, f/p - ice statue
Aim: an ice statue (lightly damaged)
The puff of flame hits the ice statue.
The ice statue appears unharmed.
The ice statue is lightly damaged.
This wand has 27 charges left.
The ice beast closely misses you. The ice statue gestures at you.
The shard of ice hits you! You partially resist.
You die...
Your body crumbles into a pile of gold.

##.....##
##.......##
#.........#
#.........#
#.........#
#......../#
#...§§§..[#
#####§#####
#8..@Y§..8#
#YY§§§§§..#
#...§.§§..#
#....§§...#
#...Y.....#
##.......##
##.....##
###8### ,,


You could see an ice statue and 3 ice beasts.

Vanquished Creatures
  Josephine (D:9)
  Erica (D:8)
  2 two-headed ogres (D:8)
  An unseen horror (D:10)
  An ugly thing (IceCv)
  Maurice (D:8)
  2 rime drakes (Orc:1)
  Prince Ribbit (D:5)
  2 hippogriffs
  Sigmund (D:5)
  6 yaks
  4 wraiths (D:10)
  A wyvern (D:9)
  Grum (D:8)
  A hungry ghost (D:9)
  Menkaure (D:7)
  2 wargs
  4 orc warriors
  13 ice beasts
  An eye of draining (D:10)
  A necrophage (D:10)
  A phantom (D:9)
  3 ogres
  3 sky beasts
  4 wolves
  7 centaurs
  A crocodile (D:8)
  Blork the orc (D:6)
  5 bullfrogs
  A wyvern skeleton (D:10)
  3 scorpions
  4 killer bees (D:7)
  2 troll zombies (D:9)
  A howler monkey (D:6)
  5 electric eels (D:7)
  2 crimson imps
  2 bullfrog zombies (D:7)
  4 jellies
  6 hounds
  13 orc wizards
  4 orc priests
  3 bullfrog skeletons
  3 iguanas
  8 worker ants
  4 ogre zombies (D:9)
  2 worker ant zombies
  A hound skeleton (D:10)
  10 gnolls
  13 adders
  4 shadow imps
  An ooze (D:5)
  An adder zombie (D:9)
  3 adder skeletons
  2 dart slugs (D:2)
  10 leopard geckos
  41 orcs
  11 bats
  A giant cockroach (D:2)
  2 gnoll zombies (D:7)
  9 goblins
  5 hobgoblins
  8 jackals
  2 quokkas
  A ball python (D:1)
  8 frilled lizards
  A goblin zombie (D:9)
  A hobgoblin skeleton (D:9)
  8 kobolds
  A leopard gecko skeleton (D:7)
  3 orc skeletons (D:9)
  19 orc zombies (D:9)
  A quokka skeleton (D:4)
  A quokka zombie (D:9)
  7 rats
315 creatures vanquished.

Vanquished Creatures (collateral kills)
  The ghost of Irenicus the Cleaver, a novice DDMo of Makhleb (IceCv)
1 creature vanquished.

Grand Total: 316 creatures vanquished

Notes
Turn   | Place    | Note
-------+----------+-------------------------------------------
     0 | D:1      | letownia2 the Deep Dwarf Necromancer began the quest for the Orb.
     0 | D:1      | Reached XP level 1. HP: 15/15 MP: 3/3
   168 | D:2      | Found a shattered altar of Ashenzari.
   287 | D:2      | Found a stormy altar of Qazlal.
   354 | D:2      | Reached XP level 2. HP: 20/22 MP: 1/5
   536 | D:3      | Found a snail-covered altar of Cheibriados.
   536 | D:3      | Found a hazy altar of Hepliaklqana.
   935 | D:4      | Reached skill level 5 in Necromancy
   935 | D:4      | Reached XP level 3. HP: 26/28 MP: 2/6
   940 | D:4      | Learned a level 3 spell: Vampiric Draining
  1108 | D:4      | Found an opulent altar of Gozag.
  1134 | D:4      | Found Gozag's Platinum Reserve.
  1138 | D:4      | Became a worshipper of Gozag Ym Sagoz the Greedy
  1296 | D:3      | Reached XP level 4. HP: 28/36 MP: 3/8
  1518 | D:2      | Found a glowing golden altar of the Shining One.
  1560 | D:2      | Found a shimmering altar of Xom.
  1968 | D:1      | Reached skill level 6 in Necromancy
  2637 | D:3      | Reached XP level 5. HP: 30/42 MP: 3/9
  3242 | D:3      | Reached skill level 7 in Necromancy
  3325 | D:4      | Found a blossoming altar of Fedhas.
  3443 | D:4      | Noticed a phantom
  3617 | D:4      | Reached XP level 6. HP: 21/49 MP: 4/10
  4031 | D:5      | Entered Level 5 of the Dungeon
  4187 | D:5      | Found a staircase to the Ecumenical Temple.
  4199 | D:5      | Reached skill level 8 in Necromancy
  4329 | D:5      | Found Momyamm's Gadget Shoppe.
  4464 | D:5      | Noticed Sigmund
  4468 | D:5      | Killed Sigmund
  4468 | D:5      | Reached XP level 7. HP: 32/55 MP: 2/12
  4474 | D:5      | Found Elen's Gadget Boutique.
  4478 | D:5      | Got a brightly glowing golden ring
  4502 | D:5      | Identified the ring "Laox" {MR+ MP+9 Int-5 SInv Stlth+} (You found it on level 5 of the Dungeon)
  4579 | D:5      | Noticed Prince Ribbit
  4856 | D:5      | Killed Prince Ribbit
  4856 | D:5      | Reached skill level 5 in Spellcasting
  4856 | D:5      | Reached XP level 8. HP: 11/62 MP: 0/16
  5254 | D:5      | Found Dedaef's Book Shoppe.
  5581 | D:6      | Got a shimmering brass amulet
  5605 | D:6      | Reached skill level 1 in Fighting
  5682 | D:6      | Reached skill level 1 in Armour
  5991 | D:6      | Reached skill level 1 in Axes
  6014 | D:6      | Identified the amulet of Lomoom {Reflect rF+ rN++ Dex-5 SH+3} (You found it on level 6 of the Dungeon)
  6159 | D:6      | Noticed Blork the orc
  6172 | D:6      | Killed Blork the orc
  6580 | D:7      | Gained mutation: You passively map the area around you. [Deep Dwarf growth]
  6580 | D:7      | Reached XP level 9. HP: 52/73 MP: 18/19
  6803 | D:7      | Noticed Menkaure
  6915 | D:7      | Got a heavily runed cloak
  6921 | D:7      | Identified the cursed +0 cloak of the Beggar {-Tele Str+6} (You found it on level 7 of the Dungeon)
  7055 | D:7      | Reached skill level 1 in Evocations
  7065 | D:7      | Found a basalt altar of Yredelemnul.
  7164 | D:8      | Learned a level 2 spell: Poisonous Vapours
  7168 | D:8      | Learned a level 3 spell: Mephitic Cloud
  7171 | D:8      | Learned a level 2 spell: Swiftness
  7465 | D:8      | Noticed Erica
  7496 | D:8      | Noticed Maurice
  7538 | D:8      | Reached skill level 1 in Conjurations
  7546 | D:8      | Found a radiant altar of Vehumet.
  7568 | D:8      | Reached skill level 1 in Charms
  7568 | D:8      | Reached skill level 1 in Poison Magic
  7607 | D:8      | Noticed Grum
  7630 | D:8      | Reached skill level 1 in Air Magic
  7634 | D:8      | Killed Grum
  7650 | D:8      | Noticed a two-headed ogre
  7886 | D:8      | Noticed a two-headed ogre
  8011 | D:7      | Killed Menkaure
  8250 | D:8      | Killed a two-headed ogre
  8250 | D:8      | Reached XP level 10. HP: 47/80 MP: 17/22
  8329 | D:8      | Killed Erica
  8329 | D:8      | Reached skill level 9 in Necromancy
  8747 | D:8      | Killed Maurice
  8860 | D:8      | Killed a two-headed ogre
  9011 | D:9      | Reached skill level 10 in Necromancy
  9013 | D:9      | Reached skill level 5 in Fighting
  9048 | D:9      | Found a sparkling altar of Nemelex Xobeh.
  9139 | D:9      | Found a deep blue altar of Sif Muna.
  9534 | D:9      | Reached XP level 11. HP: 64/96 MP: 24/24
  9658 | D:9      | Found a staircase to the Orcish Mines.
  9793 | D:10     | Entered Level 10 of the Dungeon
  9809 | D:10     | Noticed Josephine
  9843 | D:9      | Killed Josephine
  9948 | D:10     | Noticed manon's ghost (novice MiFi)
 10251 | D:10     | Found Enopomos's Antique Armour Shop.
 10472 | D:10     | Killed an unseen horror
 11942 | Orc:1    | Entered Level 1 of the Orcish Mines
 11962 | Orc:1    | Found a frozen archway.
 11968 | Orc:1    | Reached skill level 11 in Necromancy
 12141 | Orc:2    | Entered Level 2 of the Orcish Mines
 12160 | Orc:1    | Reached skill level 1 in Long Blades
 12164 | Orc:1    | Bought a scorched helmet for 256 gold pieces
 12174 | Orc:1    | Identified the +1 helmet "Nume" {-Tele +Inv rPois Int+6} (You bought it in a shop on level 1 of the Orcish Mines)
 12300 | Orc:2    | Noticed HammerPanzer's ghost (journeyman DsBe)
 12320 | Orc:1    | Bought an ichor-stained scale mail for 243 gold pieces
 12330 | Orc:1    | Identified the +5 scale mail of Fortification {MR+ Str-5 Int+3 Slay+3} (You bought it in a shop on level 1 of the Orcish Mines)
 12376 | IceCv    | Entered an ice cave
 12437 | IceCv    | Noticed Irenicus's ghost (novice DDMo)
 12460 | IceCv    | Killed Irenicus's ghost
 12476 | IceCv    | Noticed a white ugly thing
 12487 | IceCv    | Killed a white ugly thing
 12530 | IceCv    | Killed from afar by an ice statue

Skill      XL: |  1  2  3  4  5  6  7  8  9 10 11 |
---------------+----------------------------------+-----
Spellcasting   | 2 3 5 7 8 9 |  9.8
Necromancy     | 5 6 7 8 10 11 | 11.1
Fighting       | 2 5 6 |  6.1
Armour         | 2 4 |  4.3
Axes           | 3 4 |  4.4
Evocations     | 2 3 |  3.3
Conjurations   | 2 |  2.1
Charms         | 2 |  2.0
Poison Magic   | 2 |  2.1
Air Magic      | 2 3 |  3.3
Long Blades    | 4 |  4.4
Dodging        | |  2.1
Stealth        | |  2.4

Action                   |  1- 3 |  4- 6 |  7- 9 | 10-12 || total
-------------------------+-------+-------+-------+-------++-------
Melee: Hand axe          |     4 |    29 |   128 |   131 ||   292
       Spear             |       |    35 |    23 |    26 ||    84
       Scimitar          |       |       |       |   103 ||   103
 Fire: Shortbow          |       |       |       |    38 ||    38
Throw: Tomahawk          |       |       |       |     3 ||     3
 Cast: Pain              |    42 |   139 |   118 |    81 ||   380
       Vampiric Draining |       |    13 |   105 |   125 ||   243
       Mephitic Cloud    |       |       |     8 |    11 ||    19
       Poisonous Vapours |       |       |     5 |    24 ||    29
Invok: Call Merchant     |       |       |       |     3 ||     3
Evoke: Wand              |       |       |     6 |    53 ||    59
       Phial of floods   |       |       |       |     1 ||     1
  Use: Scroll            |       |     2 |     7 |    10 ||    19
 Stab: Sleeping          |     1 |       |       |       ||     1
       Confused          |       |     1 |     2 |     2 ||     5
       Distracted        |       |     1 |       |     1 ||     2
       Paralysed         |       |       |     5 |       ||     5
       Petrifying        |       |       |       |     1 ||     1
  Eat: Chunk             |     2 |       |       |       ||     2
       Meat ration       |       |     2 |       |     3 ||     5
       Royal jelly       |       |       |     4 |     1 ||     5
       Bread ration      |       |       |     2 |       ||     2
       Fruit             |       |       |       |     5 ||     5
Armor: Leather armour    |     1 |    19 |    11 |       ||    31
       Skin              |       |       |     9 |       ||     9
       Ring mail         |       |       |    35 |   220 ||   255
       Scale mail        |       |       |       |    25 ||    25
Dodge: Dodged            |    14 |    44 |   144 |   266 ||   468
Block: Other             |       |       |    25 |    56 ||    81
       Rpst.: Scimitar   |       |       |       |    19 ||    19
